[Event "Titled Tuesday Blitz March 14 Late 2023"]
[White "Shapiro, Viktor"]
[Black "Bove, Alessandro"]
[WhiteFideId "4175700"]
[BlackFideId "814121"]
[WhiteElo "2152"]
[BlackElo "2387"]
[Result "0-1"]
[Round "03"]
[TimeControl "180+2"]
[Date "2023.03.14"]
[WhiteClock "0:00:21"]
[BlackClock "0:00:25"]

1. c4 c5 2. Nc3 d6 3. g3 e5 4. Bg2 Nc6 5. d3 f5 6. Nf3 Nf6 7. a3 Be7 8. Rb1 O-O 9. O-O Rb8 10. b4 b6 11. Nh4 Nd4 12. e3 Ne6 13. Nxf5 Ng5 14. Nxe7+ Qxe7 15. f4 exf4 16. exf4 Nh3+ 17. Kh1 Bg4 18. Qc2 Rbe8 19. Bd2 Nh5 20. Rbe1 Qf6 21. Ne4 Qh6 22. f5 g5 23. Bxh3 Bxh3 24. Bxg5 Qg7 25. f6 Qg6 26. f7+ Rxf7 27. Rxf7 Rxe4 28. dxe4 Qxf7 29. Qe2 Kg7 30. g4 Nf4 31. Qd2 Ne6 32. Bh6+ Kg6 33. Qe3 Bxg4 34. Kg1 Kh5 35. Rf1 Qg6 36. Bf4 Bh3+ 37. Bg3 Bxf1 38. Kxf1 Nd4 39. Kg2 Qg4 40. h3 Qd1 41. Qf2 Qe2 42. Qxe2+ Nxe2 43. Bxd6 cxb4 44. axb4 Kg5 45. c5 bxc5 46. bxc5 Nd4 47. Be5 Nc6 48. Bc3 Kf4 49. e5 Nxe5 50. Bxe5+ Kxe5 51. Kf3 Kd5 52. Kf4 Kxc5 53. Kg5 a5 54. Kh6 a4 55. Kxh7 a3 56. h4 a2 57. h5 a1=Q 58. h6 Qa7+ 59. Kh8 Qb8+ 60. Kg7 Qc7+ 61. Kh8 Qd8+ 62. Kg7 Qe7+ 63. Kh8 Qf7 64. h7 Qf8# 0-1


[Site "https://www.chess.com"]

[Event "Titled Tuesday Blitz March 14 Late 2023"]
[White "Sokolin, Leonid"]
[Black "Gamage, Wanshini Vidusama"]
[WhiteFideId "2009161"]
[BlackFideId "9953752"]
[WhiteElo "2394"]
[BlackElo "2264"]
[Result "1-0"]
[Round "03"]
[TimeControl "180+2"]
[Date "2023.03.14"]
[WhiteClock "0:02:18"]
[BlackClock "0:02:27"]

1. e4 c5 2. Nf3 d6 3. d4 cxd4 4. Qxd4 Nc6 5. Qe3 g6 6. Be2 Bh6 7. Qc3 Qa5 8. Qxa5 Nxa5 9. Bxh6 Nxh6 10. Nc3 O-O 11. Nd4 a6 12. Nd5 e6 13. Nb6 Rb8 14. O-O-O Ng4 15. Bxg4 1-0


[Site "https://www.chess.com"]

[Event "Titled Tuesday Blitz March 14 Late 2023"]
[White "Tagliati, Eleonore"]
[Black "Gatterer, Florian"]
[WhiteFideId "45172234"]
[BlackFideId "811688"]
[WhiteElo "2213"]
[BlackElo "2221"]
[Result "1/2-1/2"]
[Round "03"]
[TimeControl "180+2"]
[Date "2023.03.14"]
[WhiteClock "0:02:17"]
[BlackClock "0:01:51"]

1. e4 c5 2. Nf3 e6 3. d4 cxd4 4. Nxd4 Nf6 5. Nc3 Nc6 6. Ndb5 Bc5 7. Bf4 O-O 8. Be2 a6 9. Nd6 Qb6 10. O-O e5 1/2-1/2


[Site "https://www.chess.com"]

[Event "Titled Tuesday Blitz March 14 Late 2023"]
[White "Salgado Lopez, Ivan"]
[Black "Topalov, Aleksandar"]
[WhiteFideId "2257327"]
[BlackFideId "925659"]
[WhiteElo "2571"]
[BlackElo "2151"]
[Result "1-0"]
[Round "03"]
[TimeControl "180+2"]
[Date "2023.03.14"]
[WhiteClock "0:00:23"]
[BlackClock "0:00:46"]

1. e4 e6 2. d4 d5 3. e5 Ne7 4. c3 Qd7 5. Nf3 b6 6. Be3 Ba6 7. Nbd2 Bxf1 8. Nxf1 Nf5 9. Qd2 c5 10. g4 Nxe3 11. fxe3 Nc6 12. Ng3 Be7 13. O-O O-O 14. Rf2 f6 15. exf6 Bxf6 16. Raf1 Be7 17. h3 Bd6 18. Rg2 Bc7 19. Nh2 Rxf1+ 20. Nhxf1 Rf8 21. Rf2 Rxf2 22. Qxf2 e5 23. dxc5 bxc5 24. Qf5 Qxf5 25. Nxf5 g6 26. N5g3 e4 27. Ne2 Ne5 28. Nd2 c4 29. Nf4 Nd3 30. Nxd5 Be5 31. Nxc4 Bg3 32. Nf6+ Kg7 33. Nxe4 1-0


[Site "https://www.chess.com"]

[Event "Titled Tuesday Blitz March 14 Late 2023"]
[White "ritanovikova"]
[Black "ArtemDyachuk"]
[WhiteElo "2164"]
[BlackElo "2384"]
[Result "0-1"]
[Round "03"]
[TimeControl "180+2"]
[Date "2023.03.14"]
[WhiteClock "0:00:09"]
[BlackClock "0:00:31"]

1. e4 c6 2. d4 d5 3. exd5 cxd5 4. Bd3 Nc6 5. c3 Nf6 6. h3 g6 7. Nf3 Bg7 8. O-O O-O 9. Bf4 Nd7 10. Nbd2 f6 11. Bg3 e5 12. dxe5 fxe5 13. Bc2 e4 14. Ng5 Qxg5 15. Bb3 Nde5 16. Nxe4 Qe7 17. Qxd5+ Kh8 18. Nd6 Bf5 19. f4 Nd7 20. Nf7+ Rxf7 21. Qxf7 Qe3+ 22. Bf2 Qxf4 23. Kh1 Rf8 24. Qc4 Qc7 25. Bg1 Nde5 26. Qe2 Qc8 27. Qe3 Re8 28. Rae1 a5 29. a4 h5 30. Bh2 Rd8 31. Rd1 Rxd1 32. Rxd1 Qf8 33. Bd5 Bc2 34. Re1 Nd3 35. Re2 Bb1 36. Bf3 Nce5 37. Rd2 Nxf3 38. Qxf3 Qd8 39. Qd1 Bh6 40. Bg1 Bxd2 41. Qxd2 Qd5 42. Qh6+ Kg8 43. Qxg6+ Kf8 44. Bd4 Nf2+ 45. Bxf2 Bxg6 0-1


[Site "https://www.chess.com"]

[Event "Titled Tuesday Blitz March 14 Late 2023"]
[White "Guzman Moneo, Alberto"]
[Black "lisjakzlatko1"]
[WhiteFideId "2209616"]
[WhiteElo "2157"]
[BlackElo "2162"]
[Result "1-0"]
[Round "03"]
[TimeControl "180+2"]
[Date "2023.03.14"]
[WhiteClock "0:01:57"]
[BlackClock "0:00:17"]

1. e4 d6 2. d4 Nf6 3. Nc3 c6 4. Nf3 Bg4 5. h3 Bh5 6. Bd3 e6 7. Qe2 d5 8. e5 Nfd7 9. Nd1 c5 10. c3 Nc6 11. Be3 Be7 12. a3 cxd4 13. cxd4 Qb6 14. g4 Bg6 15. O-O h5 16. Kg2 hxg4 17. hxg4 Be4 18. Bxe4 dxe4 19. Nd2 Nxd4 20. Qc4 1-0


[Site "https://www.chess.com"]

[Event "Titled Tuesday Blitz March 14 Late 2023"]
[White "Souza, Gustavo Horokoski De"]
[Black "Mickiewicz, Piotr"]
[WhiteFideId "2146584"]
[BlackFideId "1114891"]
[WhiteElo "1859"]
[BlackElo "2246"]
[Result "0-1"]
[Round "03"]
[TimeControl "180+2"]
[Date "2023.03.14"]
[WhiteClock "0:00:03"]
[BlackClock "0:00:28"]

1. d4 Nf6 2. c4 e6 3. Nc3 Bb4 4. e3 d5 5. Ne2 O-O 6. a3 Be7 7. Nf4 a5 8. b3 b6 9. Bb2 Bb7 10. Rc1 Nbd7 11. Be2 Re8 12. Bf3 c6 13. O-O Bd6 14. Nd3 Qb8 15. h3 dxc4 16. bxc4 c5 17. d5 exd5 18. Nxd5 Bxd5 19. Bxd5 b5 20. Bxa8 Qxa8 21. cxb5 Rc8 22. a4 c4 23. Nf4 Bxf4 24. exf4 Qe4 25. Qd4 Qxd4 26. Bxd4 Nd5 27. g3 h5 28. Rc2 Nb4 29. Rc3 Nd5 30. Rc2 N7b6 31. Bxb6 Nxb6 32. Rfc1 Rd8 33. Kg2 Rd4 34. Kf3 f5 35. Ke3 Re4+ 36. Kf3 Kf7 37. Kg2 g6 38. f3 Rd4 39. Kf2 Ke6 40. Ke3 Rd3+ 41. Kf2 Rd4 42. Ke3 Rd3+ 43. Ke2 Ra3 44. Rxc4 Nxc4 45. Rxc4 Kd5 46. Rc6 Rxa4 47. Rxg6 Rb4 48. b6 a4 49. Kd2 Kd4 50. Rd6+ Kc5 51. Rf6 a3 52. b7 Kc4 53. Ra6 Kb3 54. Ra8 Rxb7 55. g4 Kb2 56. gxh5 a2 57. Ke3 a1=Q 58. Rxa1 Kxa1 59. Kd4 Re7 60. h6 Kb2 61. h7 Rxh7 62. Ke5 Rh5 63. Kf6 Kc3 64. Kg6 Rxh3 65. Kxf5 Kd4 66. Ke6 Rh6+ 67. Ke7 Kd5 68. f5 Ke5 69. f4+ Kxf5 0-1


[Site "https://www.chess.com"]

[Event "Titled Tuesday Blitz March 14 Late 2023"]
[White "Ambartsumova, Karina"]
[Black "Makhnev, Denis"]
[WhiteFideId "4166299"]
[BlackFideId "13707647"]
[WhiteElo "2300"]
[BlackElo "2525"]
[Result "0-1"]
[Round "04"]
[TimeControl "180+1"]
[Date "2023.03.14"]
[WhiteClock "0:00:01"]
[BlackClock "0:00:25"]

1. Nf3 d5 2. c4 d4 3. e3 Nc6 4. exd4 Nxd4 5. Nxd4 Qxd4 6. Nc3 c6 7. d3 e5 8. Be3 Qd8 9. d4 exd4 10. Qxd4 Qxd4 11. Bxd4 Ne7 12. Bd3 Nf5 13. Bxf5 Bxf5 14. O-O f6 15. Rfe1+ Kf7 16. Rad1 Be7 17. Be3 b6 18. Re2 Rhd8 19. Red2 Rxd2 20. Rxd2 Be6 21. b3 Bb4 22. Rc2 Rd8 23. Kf1 Rd3 24. Na4 Rd1+ 25. Ke2 Re1+ 26. Kf3 g5 27. h3 h5 28. Nb2 g4+ 29. hxg4 hxg4+ 30. Kg3 Bf5 31. Rc1 Re2 32. Nd1 Rxa2 33. Bf4 Ra3 34. Ne3 Rxb3 35. Kh4 Be6 36. Rd1 Be7 37. Ra1 a5 38. Bc7 f5+ 39. Kh5 Bc5 40. Re1 a4 41. g3 a3 42. Nc2 a2 0-1


[Site "https://www.chess.com"]

[Event "Titled Tuesday Blitz March 14 Late 2023"]
[White "Ansh M Shah"]
[Black "Aung Thant Zin"]
[WhiteFideId "25033379"]
[BlackFideId "13000063"]
[WhiteElo "2084"]
[BlackElo "2278"]
[Result "1/2-1/2"]
[Round "04"]
[TimeControl "180+1"]
[Date "2023.03.14"]
[WhiteClock "0:00:10"]
[BlackClock "0:00:03"]

1. d4 Nf6 2. c4 e6 3. g3 d5 4. Bg2 Be7 5. Nf3 O-O 6. O-O dxc4 7. Qc2 a6 8. a4 Bd7 9. Qxc4 b5 10. Qc2 Bc6 11. axb5 axb5 12. Rxa8 Bxa8 13. Bf4 Nd5 14. Bd2 Na6 15. Rc1 c5 16. dxc5 Nxc5 17. Nd4 Qb6 18. e4 Nf6 19. Be3 Ng4 20. Nf5 exf5 21. Bxc5 Bxc5 22. Qxc5 Qxc5 23. Rxc5 fxe4 24. Rxb5 Rd8 25. Nc3 h6 26. Bxe4 Bxe4 27. Nxe4 Rd1+ 28. Kg2 Re1 29. Nc3 Rc1 30. h3 Nf6 31. Rb8+ Kh7 32. Rb7 Kg6 33. Rb6 Kh7 34. Kf3 Rc2 35. Ne2 Nd5 36. Rb7 f6 37. Nd4 Rc7 38. Rxc7 Nxc7 39. b4 Kg6 40. b5 Nd5 41. Ke4 Nb6 42. Nc6 f5+ 43. Kd4 Kf6 44. Kc5 Nd7+ 45. Kd6 Nb6 46. Kc7 Nd5+ 47. Kb7 g5 48. b6 f4 49. Nd4 fxg3 50. fxg3 Ke5 51. Ne2 Ke4 52. Kc6 Nxb6 53. Kxb6 Kf3 54. Nd4+ Kxg3 55. Nf5+ Kxh3 56. Nxh6 Kh4 57. Kc5 Kh5 58. Nf5 Kg6 59. Ng3 g4 60. Kd4 Kg5 61. Ke4 Kh4 62. Kf4 Kh3 63. Nh5 Kh4 64. Ng3 Kh3 65. Ne4 Kh4 66. Ng3 1/2-1/2


[Site "https://www.chess.com"]

[Event "Titled Tuesday Blitz March 14 Late 2023"]
[White "Arabidze, Meri"]
[Black "Mazibuko, Khanya"]
[WhiteFideId "13604040"]
[BlackFideId "14321041"]
[WhiteElo "2405"]
[BlackElo "1873"]
[Result "1/2-1/2"]
[Round "04"]
[TimeControl "180+1"]
[Date "2023.03.14"]
[WhiteClock "0:00:15"]
[BlackClock "0:00:22"]

1. b3 e5 2. Bb2 Nc6 3. e3 Nf6 4. Bb5 Bd6 5. Na3 Na5 6. Nc4 Nxc4 7. Bxc4 O-O 8. Ne2 Re8 9. O-O Bf8 10. Ng3 d5 11. Be2 Bd6 12. c4 c6 13. Rc1 e4 14. d3 exd3 15. Qxd3 dxc4 16. Rxc4 Bxg3 17. hxg3 Qxd3 18. Bxd3 Be6 19. Rb4 Rad8 20. Bb1 b6 21. Bxf6 gxf6 22. Rh4 f5 23. Rf4 Rd2 24. b4 Red8 25. a3 R8d5 26. e4 fxe4 27. Bxe4 Rd6 28. Rc1 Rd1+ 29. Rxd1 Rxd1+ 30. Kh2 Rd6 31. g4 h6 32. Kg3 Kg7 33. Bf3 Rd3 34. a4 Ra3 35. Kh4 c5 36. bxc5 bxc5 37. Be2 Ra2 38. Bb5 Rc2 39. g5 hxg5+ 40. Kxg5 c4 41. g4 c3 42. Rf3 Rc1 43. Bd3 Rg1 44. Rf4 Rd1 45. Be4 Rd4 46. Bc2 Rd2 47. Be4 c2 48. Bxc2 Rxc2 49. Rb4 Rc4 50. Rxc4 Bxc4 51. a5 a6 52. f4 Be2 53. f5 Bd3 54. Kf4 Be2 55. g5 Bd3 56. Ke5 Bc2 57. Kf4 Bb1 58. Ke5 Kf8 59. Kf6 Ke8 60. g6 fxg6 61. fxg6 Kf8 62. g7+ Kg8 63. Ke5 Kxg7 64. Kd4 Kf7 65. Kc3 Be4 66. Kb2 Bc6 67. Ka1 Bb5 68. Kb1 Ke6 69. Ka1 Kd5 70. Kb1 Kc4 71. Ka1 Kb4 72. Kb1 Kxa5 73. Ka1 Kb4 74. Kb1 Bc4 75. Ka1 a5 76. Kb1 Kc3 77. Ka1 a4 78. Kb1 a3 79. Ka1 a2 1/2-1/2


[Site "https://www.chess.com"]

[Event "Titled Tuesday Blitz March 14 Late 2023"]
[White "Ardila, Oscar Humberto"]
[Black "Vovk, Orest"]
[WhiteFideId "4404742"]
[BlackFideId "14113490"]
[WhiteElo "1911"]
[BlackElo "2215"]
[Result "1-0"]
[Round "04"]
[TimeControl "180+1"]
[Date "2023.03.14"]
[WhiteClock "0:00:45"]
[BlackClock "0:01:15"]

1. d4 h6 2. c4 g5 3. h4 g4 4. e3 d6 5. Ne2 Bg7 6. Ng3 h5 7. Nc3 Nf6 8. e4 c6 9. Be2 Nbd7 10. Bg5 Nf8 11. e5 dxe5 12. dxe5 Qxd1+ 13. Rxd1 N6d7 14. Nf5 Bxe5 15. Nxe7 f6 16. Nxc8 Rxc8 17. Be3 Bxc3+ 18. bxc3 Ne6 19. O-O Ke7 20. Rfe1 Ndc5 21. Bxg4 hxg4 22. Bxc5+ Kf7 23. Rd7+ Kg6 24. Rxe6 Rxh4 25. Rdd6 Rch8 26. Rxf6+ Kg5 27. Be3+ 1-0


[Site "https://www.chess.com"]

[Event "Titled Tuesday Blitz March 14 Late 2023"]
[White "Averjanov, Alexey"]
[Black "Filgueiras, Nathan Felipe"]
[WhiteFideId "14109867"]
[BlackFideId "2188562"]
[WhiteElo "2715"]
[BlackElo "2241"]
[Result "1-0"]
[Round "04"]
[TimeControl "180+1"]
[Date "2023.03.14"]
[WhiteClock "0:00:49"]
[BlackClock "0:00:02"]

1. d4 Nf6 2. c4 e6 3. Nf3 b6 4. g3 Ba6 5. Nbd2 d5 6. Qc2 Bb7 7. Bg2 Be7 8. O-O O-O 9. b3 Nbd7 10. Bb2 Rc8 11. Rac1 c5 12. Qb1 Qc7 13. Rfd1 Qb8 14. e3 Rfd8 15. Qa1 Qa8 16. cxd5 exd5 17. Ne5 Nf8 18. Ndf3 Ne4 19. dxc5 bxc5 20. Nd3 Ne6 21. Rc2 Bf8 22. Nf4 N6g5 23. Nxg5 Nxg5 24. h4 Ne4 25. Nh5 d4 26. exd4 cxd4 27. Rxc8 Rxc8 28. Bxd4 g6 29. Bxe4 gxh5 30. Bxb7 Qxb7 31. Be3 a6 32. Qf6 Qc6 33. Qf5 Re8 34. Qxh5 Qc2 35. Rd5 Qb1+ 36. Kh2 Rxe3 37. Qg5+ Bg7 1-0


[Site "https://www.chess.com"]

[Event "Titled Tuesday Blitz March 14 Late 2023"]
[White "Baches Garcia, Guillermo"]
[Black "Michalski, Olaf"]
[WhiteFideId "2209764"]
[BlackFideId "1106740"]
[WhiteElo "2462"]
[BlackElo "2173"]
[Result "1-0"]
[Round "04"]
[TimeControl "180+1"]
[Date "2023.03.14"]
[WhiteClock "0:01:00"]
[BlackClock "0:00:01"]

1. d4 d6 2. Nc3 Nd7 3. e4 e5 4. Nf3 Ngf6 5. Rg1 g6 6. g4 Bg7 7. Be3 O-O 8. g5 Nh5 9. Qd2 exd4 10. Nxd4 Ne5 11. Be2 c5 12. Ndb5 Be6 13. f4 Nc4 14. Bxc4 Bxc4 15. Nxd6 Bxc3 16. bxc3 Ba6 17. Bxc5 Qc7 18. Bb4 Rad8 19. e5 Rfe8 20. Nxe8 Rxe8 21. O-O-O Ng7 22. Qd7 Qc4 23. Kb2 Bb5 24. Qd4 Qe6 25. Qd6 Qc4 26. Rd4 1-0


[Site "https://www.chess.com"]

[Event "Titled Tuesday Blitz March 14 Late 2023"]
[White "Bacrot, Etienne"]
[Black "Oro, Faustino"]
[WhiteFideId "605506"]
[BlackFideId "20000197"]
[WhiteElo "2663"]
[BlackElo "1984"]
[Result "0-1"]
[Round "04"]
[TimeControl "180+1"]
[Date "2023.03.14"]
[WhiteClock "0:00:01"]
[BlackClock "0:00:08"]

1. Nf3 Nf6 2. g3 d5 3. Bg2 c6 4. O-O Bf5 5. d3 e6 6. Nc3 h6 7. Re1 Bh7 8. Bd2 Be7 9. e4 O-O 10. Qe2 Nbd7 11. h3 Re8 12. Rad1 Nb6 13. Nh2 Nfd7 14. f4 dxe4 15. dxe4 Qc7 16. Ng4 Rad8 17. Kh2 Nf8 18. Qf1 Bb4 19. a3 Be7 20. f5 exf5 21. exf5 h5 22. Bf4 Qc8 23. f6 gxf6 24. Rxe7 hxg4 25. Rxd8 Qxd8 26. Rxe8 Qxe8 27. hxg4 Bxc2 28. Bc1 Qe6 29. Qf4 Ng6 30. Qb8+ Qc8 31. Qd6 Qe6 32. Qd8+ Kg7 33. g5 f5 34. Qd4+ Kg8 35. Be3 Ne5 36. Qd8+ Kh7 37. Bg1 Ng4+ 38. Kh1 Be4 39. Qd4 Bxg2+ 40. Kxg2 Qe5 41. Qxe5 Nxe5 42. Bxb6 axb6 43. Kf2 Nc4 44. Nd1 Nd2 45. Ke3 Ne4 46. Kf4 Kg6 47. Ne3 Nc5 48. Nxf5 Nd3+ 49. Kg4 Nxb2 50. Nd6 b5 51. Nxb7 Nc4 0-1


[Site "https://www.chess.com"]

[Event "Titled Tuesday Blitz March 14 Late 2023"]
[White "Bas Mas, Jose Joaquin"]
[Black "Yang, Kevin"]
[WhiteFideId "22219064"]
[BlackFideId "30908485"]
[WhiteElo "2233"]
[BlackElo "2055"]
[Result "0-1"]
[Round "04"]
[TimeControl "180+1"]
[Date "2023.03.14"]
[WhiteClock "0:01:34"]
[BlackClock "0:00:26"]

1. e4 c6 2. d4 d5 3. e5 Bf5 4. Nf3 e6 5. Be2 Nd7 6. O-O Bg6 7. b3 Nh6 8. c4 Be7 9. Bb2 O-O 10. Nc3 Nf5 11. Qd2 a5 12. Rad1 Re8 13. cxd5 exd5 14. h3 Nf8 15. g4 Nh4 16. Nh2 f5 17. f4 Ne6 18. Bd3 Nxd4 19. Qf2 Ne6 20. g5 Bc5 21. Ne2 Bxf2+ 22. Kxf2 Bh5 23. Bc1 a4 24. b4 Qb6+ 25. Be3 Qxb4 26. Rb1 Qe7 27. Ng3 d4 28. Bd2 Nc5 29. Bc4+ Bf7 30. Be2 Ne4+ 31. Ke1 Nxg3 0-1


[Site "https://www.chess.com"]

[Event "Titled Tuesday Blitz March 14 Late 2023"]
[White "Bilan, Danila"]
[Black "Grinev, Valeriy"]
[WhiteFideId "24161918"]
[BlackFideId "14117517"]
[WhiteElo "2182"]
[BlackElo "2365"]
[Result "0-1"]
[Round "04"]
[TimeControl "180+1"]
[Date "2023.03.14"]
[WhiteClock "0:01:26"]
[BlackClock "0:01:59"]

1. d4 Nf6 2. Nf3 g6 3. Bg5 Bg7 4. c3 O-O 5. Nbd2 d6 6. e4 c5 7. Bc4 cxd4 8. cxd4 Nxe4 9. Nxe4 d5 10. Bd3 dxe4 11. Bxe4 Nc6 12. O-O Bg4 13. h3 Bxf3 14. Bxf3 Nxd4 15. Bxb7 Rb8 16. Ba6 Qa5 17. Bxe7 Rfe8 18. Bd6 Rbd8 0-1


[Site "https://www.chess.com"]

[Event "Titled Tuesday Blitz March 14 Late 2023"]
[White "Bilych, Olexiy"]
[Black "Kamsky, Gata"]
[WhiteFideId "14156504"]
[BlackFideId "2000024"]
[WhiteElo "2320"]
[BlackElo "2666"]
[Result "0-1"]
[Round "04"]
[TimeControl "180+1"]
[Date "2023.03.14"]
[WhiteClock "0:00:08"]
[BlackClock "0:00:21"]

1. d4 f5 2. Bg5 g6 3. Nc3 Nh6 4. Nf3 Nf7 5. Bd2 Bg7 6. e4 fxe4 7. Nxe4 d5 8. Ng3 O-O 9. Bd3 Bg4 10. c3 e5 11. dxe5 Nxe5 12. Be2 Nxf3+ 13. gxf3 Bh3 14. Qb3 b6 15. O-O-O c6 16. Be3 Nd7 17. c4 Nc5 18. Bxc5 bxc5 19. cxd5 Qg5+ 20. Qe3 Qf6 21. Qd2 cxd5 22. Qxd5+ Be6 23. Qd2 Rab8 24. Ne4 Qxb2+ 25. Qxb2 Rxb2 26. Rd6 Bxa2 27. Bd3 c4 28. Bc2 c3 29. Ra6 Bh6+ 30. Kd1 Rd8+ 31. Nd6 Bc4 32. Rc6 Bb5 33. Rc8 Rxc8 34. Nxc8 a5 35. Ne7+ Kg7 36. Nd5 Ra2 37. Nxc3 Ra1+ 38. Nb1 a4 39. Be4 a3 40. Kc2 a2 41. Kb2 axb1=Q+ 42. Bxb1 Ra7 43. Rd1 Bf4 44. Rd5 Bc6 45. Rc5 Bxf3 46. h4 Rb7+ 47. Ka1 Bd6 48. Ra5 Bb4 49. Rg5 Bc3+ 50. Ka2 Rb2+ 51. Ka1 Rb5+ 52. Ka2 Rxg5 53. hxg5 Bd4 0-1


[Site "https://www.chess.com"]

[Event "Titled Tuesday Blitz March 14 Late 2023"]
[White "Bluebaum, Matthias"]
[Black "O`Gorman, Tom"]
[WhiteFideId "24651516"]
[BlackFideId "2508249"]
[WhiteElo "2638"]
[BlackElo "2271"]
[Result "1-0"]
[Round "04"]
[TimeControl "180+1"]
[Date "2023.03.14"]
[WhiteClock "0:02:33"]
[BlackClock "0:01:58"]

1. d4 d5 2. c4 e6 3. Nc3 Nf6 4. cxd5 exd5 5. Bf4 Bd6 6. Bxd6 Qxd6 7. e3 c6 8. Bd3 O-O 9. Nge2 Re8 10. Qd2 Be6 11. f3 c5 12. Nb5 Qe7 13. dxc5 Na6 14. Nd6 Red8 15. Bxa6 bxa6 16. O-O Nd7 17. b4 a5 18. a3 Ne5 19. Nd4 Rab8 20. Qc3 Qf6 21. Rac1 1-0


[Site "https://www.chess.com"]

[Event "Titled Tuesday Blitz March 14 Late 2023"]
[White "Bortnyk, Olexandr"]
[Black "Godzwon, Iwo"]
[WhiteFideId "14120828"]
[BlackFideId "21802483"]
[WhiteElo "2734"]
[BlackElo "2284"]
[Result "1-0"]
[Round "04"]
[TimeControl "180+1"]
[Date "2023.03.14"]
[WhiteClock "0:01:30"]
[BlackClock "0:01:17"]

1. d4 Nf6 2. Nc3 d5 3. Bf4 c6 4. e3 Bf5 5. Nf3 e6 6. Ne5 Nbd7 7. g4 Bg6 8. h4 h6 9. Nxg6 fxg6 10. Bd3 Kf7 11. Qf3 Bb4 12. O-O-O Bxc3 13. bxc3 Kg8 14. Bxg6 Qa5 15. g5 Ne4 16. Bxe4 dxe4 17. Qxe4 Re8 18. gxh6 Qxc3 19. Rdg1 Rh7 20. Qg6 Re7 21. Bd6 Rf7 22. Qxe6 Qa3+ 23. Bxa3 1-0


[Site "https://www.chess.com"]

[Event "Titled Tuesday Blitz March 14 Late 2023"]
[White "Buchenau, Frank"]
[Black "Subelj, Jan"]
[WhiteFideId "4604350"]
[BlackFideId "14618583"]
[WhiteElo "2157"]
[BlackElo "2474"]
[Result "0-1"]
[Round "04"]
[TimeControl "180+1"]
[Date "2023.03.14"]
[WhiteClock "0:00:09"]
[BlackClock "0:01:38"]

1. e4 Nc6 2. Nf3 e6 3. d4 d5 4. Nc3 Bb4 5. Bd3 dxe4 6. Bxe4 Bd7 7. Bg5 Nf6 8. O-O h6 9. Bxf6 Qxf6 10. d5 Nd8 11. dxe6 Bxe6 12. Nd5 Bxd5 13. Qxd5 O-O 14. Ne5 c6 15. Qd4 Bd6 16. Nf3 Qxd4 17. Nxd4 Be5 18. Rad1 Bxd4 19. Rxd4 Ne6 20. Rd2 Rfd8 21. Rfd1 Rxd2 22. Rxd2 Nc5 23. Bf3 a5 24. Kf1 g6 25. c3 Kg7 26. Rd4 Kf6 27. Ke2 Re8+ 28. Kd2 h5 29. h4 Re5 30. b4 axb4 31. cxb4 Ne6 32. Rd7 Rb5 33. Kc3 c5 34. Rxb7 cxb4+ 35. Kc4 Ra5 36. Kxb4 Rxa2 37. Bd5 Rxf2 38. Kc4 Rf4+ 39. Kc3 Rxh4 0-1


[Site "https://www.chess.com"]

[Event "Titled Tuesday Blitz March 14 Late 2023"]
[White "Burg, Twan"]
[Black "Osmak, Yuliia"]
[WhiteFideId "1010697"]
[BlackFideId "14101602"]
[WhiteElo "2422"]
[BlackElo "2271"]
[Result "1-0"]
[Round "04"]
[TimeControl "180+1"]
[Date "2023.03.14"]
[WhiteClock "0:00:43"]
[BlackClock "0:00:02"]

1. e4 c6 2. Nf3 d5 3. Nc3 Bg4 4. h3 Bxf3 5. Qxf3 e6 6. d4 Nf6 7. exd5 cxd5 8. Bd3 Nc6 9. Ne2 Be7 10. c3 O-O 11. O-O a6 12. Re1 b5 13. Bf4 b4 14. Rac1 bxc3 15. bxc3 Na5 16. Be5 Nc4 17. Nf4 Rc8 18. Rc2 a5 19. Ne2 Nxe5 20. dxe5 Nd7 21. Nd4 g6 22. Bb5 Bc5 23. Nb3 Bb6 24. a4 Nc5 25. Nd4 Ne4 26. Nc6 Qc7 27. c4 Nxf2 28. Rxf2 dxc4 29. Rc1 Bxf2+ 30. Qxf2 c3 31. Rxc3 Qd7 32. Rd3 Qb7 33. Qc5 Rc7 34. Rd6 Rfc8 35. h4 Kg7 36. h5 g5 37. h6+ Kxh6 38. Qf2 Rxc6 39. Qf6+ Kh5 40. Be2+ g4 41. Bxg4+ Kxg4 42. Rd4+ Kg3 43. Qh4# 1-0


[Site "https://www.chess.com"]

[Event "Titled Tuesday Blitz March 14 Late 2023"]
[White "Cardoso Cardoso, Jose Gabriel"]
[Black "Khismatullin, Denis"]
[WhiteFideId "4430492"]
[BlackFideId "4142578"]
[WhiteElo "2496"]
[BlackElo "2531"]
[Result "0-1"]
[Round "04"]
[TimeControl "180+1"]
[Date "2023.03.14"]
[WhiteClock "0:00:01"]
[BlackClock "0:00:18"]

1. d4 Nf6 2. c4 e6 3. Nc3 Bb4 4. e3 O-O 5. Bd3 d5 6. Nf3 dxc4 7. Bxc4 c5 8. O-O cxd4 9. exd4 b6 10. Bg5 Bb7 11. Rc1 Nbd7 12. Bd3 h6 13. Bh4 Rc8 14. Re1 a6 15. a3 Be7 16. Bb1 b5 17. Qd3 Re8 18. Rcd1 Nf8 19. Ba2 Ng6 20. Bg3 Nd5 21. Ne4 b4 22. a4 Qb6 23. Bb3 Rcd8 24. Qd2 Nf6 25. Nxf6+ Bxf6 26. Ne5 Bxe5 27. Bxe5 Rd7 28. Qe3 Red8 29. Bg3 Rxd4 30. Rc1 e5 31. h3 Qf6 32. Bxe5 Nxe5 33. Qxe5 Qg6 34. f3 Rd2 35. Re2 Bxf3 36. Rxd2 Rxd2 37. Rc8+ Kh7 38. g4 Qb1+ 0-1


[Site "https://www.chess.com"]

[Event "Titled Tuesday Blitz March 14 Late 2023"]
[White "Chabris, Christopher"]
[Black "Kostiukov, Alexandr"]
[WhiteFideId "2005263"]
[BlackFideId "14108100"]
[WhiteElo "2180"]
[BlackElo "2202"]
[Result "1-0"]
[Round "04"]
[TimeControl "180+1"]
[Date "2023.03.14"]
[WhiteClock "0:00:17"]
[BlackClock "0:00:05"]

1. e4 c5 2. Nf3 g6 3. c3 Bg7 4. d4 cxd4 5. cxd4 d5 6. e5 Nc6 7. Bb5 Bg4 8. Bxc6+ bxc6 9. Nbd2 Nh6 10. h3 Bxf3 11. Nxf3 O-O 12. O-O Nf5 13. Re1 f6 14. Bf4 Qb6 15. b3 g5 16. Bh2 h5 17. Qd3 fxe5 18. Bxe5 g4 19. hxg4 hxg4 20. Bxg7 Kxg7 21. Ng5 Rf6 22. Rxe7+ Kg6 23. Ne6 Qb5 24. Rg7+ Kh5 25. Rg5+ Kh6 26. Qd2 1-0


[Site "https://www.chess.com"]

[Event "Titled Tuesday Blitz March 14 Late 2023"]
[White "Chor, Kevin"]
[Black "Pranav, V"]
[WhiteFideId "2090740"]
[BlackFideId "25060783"]
[WhiteElo "2619"]
[BlackElo "2500"]
[Result "0-1"]
[Round "04"]
[TimeControl "180+1"]
[Date "2023.03.14"]
[WhiteClock "0:01:13"]
[BlackClock "0:01:41"]

1. e4 e5 2. Nf3 Nc6 3. Bb5 a6 4. Ba4 Nf6 5. d4 exd4 6. O-O b5 7. Bb3 d6 8. Re1 Be7 9. Bd5 Nxd5 10. exd5 Ne5 11. Nxd4 O-O 12. f4 Bg4 13. Qd2 Nc4 14. Qf2 Bf6 15. h3 Bd7 16. c3 Bh4 17. g3 Bf6 18. Kh2 Nb6 19. Qf3 Bxd4 20. cxd4 Qf6 21. Be3 Qf5 22. Nc3 Qxh3+ 23. Kg1 Bg4 24. Qf2 Rfe8 25. a3 Qh5 0-1


[Site "https://www.chess.com"]

[Event "Titled Tuesday Blitz March 14 Late 2023"]
[White "Christiansen, Johan-Sebastian"]
[Black "Almeida Quintana, Omar"]
[WhiteFideId "1512668"]
[BlackFideId "3503313"]
[WhiteElo "2517"]
[BlackElo "2530"]
[Result "1-0"]
[Round "04"]
[TimeControl "180+1"]
[Date "2023.03.14"]
[WhiteClock "0:01:50"]
[BlackClock "0:00:50"]

1. e4 d6 2. d4 Nf6 3. Nc3 e5 4. Nf3 Nbd7 5. g3 Be7 6. Bg2 O-O 7. O-O c6 8. Re1 b5 9. h3 Bb7 10. a3 a5 11. Nh4 g6 12. Bh6 Re8 13. Qd2 b4 14. axb4 axb4 15. Ne2 d5 16. Rxa8 Bxa8 17. exd5 Nxd5 18. Nf3 e4 19. Ne5 c5 20. Nxd7 Qxd7 21. Bxe4 Qxh3 22. Bg2 Qf5 23. dxc5 Bxc5 24. Nd4 Qc8 25. Rxe8+ Qxe8 26. Nb3 Qc6 27. Bxd5 Qd6 28. Nxc5 Bxd5 29. Ne4 1-0


[Site "https://www.chess.com"]